 Dungeon Crawl Stone Soup version 0.31.0-12-g77e489cdc1 (webtiles) character file.

Game seed: 18186252014571427067

227 Gadfly the Insei (level 5, 35/41 HPs)
             Began as a Demonspawn Monk on Feb 23, 2024.
             Quit the game on level 2 of the Dungeon.
             The game lasted 00:02:44 (1982 turns).

Gadfly the Insei (Demonspawn Monk)                  Turns: 1982, Time: 00:02:44

Health: 35/41      AC:  4    Str: 13    XL:     5   Next: 70%
Magic:  5/5        EV: 13    Int: 10    God:
Gold:   53         SH:  0    Dex: 16    Spells: 4/4 levels left

rFire   . .          .
                       - Unarmed
rCold   . . .        c - orb {light}
rNeg    . . .        a - +0 robe
rPois   .            k - +2 hat
rElec   .            (no cloak)
rCorr   .            (no gloves)
SInv    .            (no boots)
Will    .....        g - amulet of guardian spirit
Stlth   +            (no ring)
HPRegen 0.26/turn    (no ring)
MPRegen 0.09/turn

%: guardian spirit
@: glowing
A: demonic guardian 2, demonic magic 1, demonic touch 1
a: no special abilities


You were on level 2 of the Dungeon.
You visited 1 branch of the dungeon, and saw 2 of its levels.

You collected 53 gold pieces.

Inventory:

Armour
 a - a +0 robe (worn)
 c - an orb of light (worn)
 k - a +2 hat (worn)
Jewellery
 g - an amulet of guardian spirit (around neck)
Wands
 e - a wand of flame (5)
Potions
 b - a potion of ambrosia
 d - a potion of cancellation
 i - a potion of haste {unknown}


   Skills:
 - Level 3.0 Fighting
 + Level 3.7 Dodging
 + Level 3.7 Unarmed Combat
 + Level 2.5 Evocations
 + Level 2.0 Shapeshifting


You had 4 spell levels left.
You didn't know any spells.
Your spell library contained the following spells:

 Spells                   Type           Power      Damage    Failure   Level
 Shock                    Conj/Air       0%         1d3       36%         1
 Swiftness                Air            0%         N/A       75%         3
 Airstrike                Air            0%         2d(0-16)  98%         4


Dungeon Overview and Level Annotations

Branches:
Dungeon (2/15)

Altars:

Annotations:
D:2 Robin


Innate Abilities, Weirdness & Mutations

A demonic guardian rushes to your aid.
Spells you cast may paralyse adjacent enemies.
Your touch may inflict minor irresistible damage on your foes.


Message History

Your quasit barely misses Sigmund.
You climb upwards.
There is a stone staircase leading down here.
Magic restored.
HP restored.
Partly explored, can't reach some places.
You climb downwards.
Level annotation: Robin, Sigmund Sigmund points at you and mumbles some strange words.
You resist with significant effort.
There is a stone staircase leading up here.
Sigmund zaps a wand.
The puff of flame hits you.
Okay, then.
Sigmund casts a spell at you. The puff of flame misses you.
Sigmund closely misses you.
You hit Sigmund.
Sigmund is heavily wounded.
Sigmund barely misses you.
You hit Sigmund.
Sigmund is severely wounded.
Sigmund zaps a wand.
The puff of flame hits you.
You hit Sigmund.
Sigmund is almost dead.
Sigmund casts a spell at you. You resist with significant effort.
You hit Sigmund.
You kill Sigmund!
Your Evocations skill increases to level 2!
Your Shapeshifting skill increases to level 2!
You have reached level 4!
You feel agile.
Your demonic ancestry asserts itself...
Your guardian grows in power.
You have reached level 5!
Your demonic ancestry asserts itself...
A menacing aura infuses your magic.
e - a wand of flame (5)
Things that are here:
a +0 scythe; a +0 robe; the human corpse of Sigmund Are you sure you want to abandon this character and quit the game? (Confirm with "yes".)

#.####### #.# #.# #.# #.# #.#
#.# ###### #.# ######### #.....
#########.## #.@....<# #<####
#..........###.#####.# #.##..
##.#####.....##.# #.# #.##<.
.....#
#....###.#####.######.##..
##.#.# #.#.##
#.#.........##.....
#.#.###.#.####.#.###.###.##.###.
#...........)..#.###.# #.....
####.#####+######.##..# #..##.
......###...## #.##.## #..##.


There were no monsters in sight!

Vanquished Creatures
  Sigmund (D:2)
  2 adders (D:2)
  2 endoplasms
  2 giant cockroaches (D:1)
  7 goblins
  8 hobgoblins
  3 jackals (D:1)
  2 ball pythons (D:1)
  4 frilled lizards
  6 kobolds
  A rat (D:1)
38 creatures vanquished.

Notes
Turn   | Place    | Note
-------+----------+-------------------------------------------
     0 | D:1      | Gadfly the Demonspawn Monk began the quest for the Orb.
     0 | D:1      | Reached XP level 1. HP: 18/18 MP: 1/1
    87 | D:1      | Gained mutation: Your touch may inflict minor irresistible
                  | damage on your foes. [demonic ancestry]
    87 | D:1      | Reached XP level 2. HP: 24/24 MP: 2/2
   424 | D:1      | Reached skill level 1 in Evocations
  1070 | D:2      | Gained mutation: A weak demonic guardian rushes to your
                  | aid. [demonic ancestry]
  1070 | D:2      | Reached XP level 3. HP: 29/29 MP: 3/3
  1117 | D:2      | Reached skill level 1 in Shapeshifting
  1220 | D:2      | Noticed Robin
  1735 | D:2      | Noticed Sigmund
  1979 | D:2      | Killed Sigmund
  1980 | D:2      | Gained mutation: A demonic guardian rushes to your aid.
                  | [demonic ancestry]
  1980 | D:2      | Reached XP level 4. HP: 29/35 MP: 4/4
  1980 | D:2      | Gained mutation: Spells you cast may paralyse adjacent
                  | enemies. [demonic ancestry]
  1980 | D:2      | Reached XP level 5. HP: 34/41 MP: 5/5
  1982 | D:2      | Quit the game

Illustrated notes

Levels and vault maps discovered:
D:1:      ldierk_walled_garden_2, layout_basic
D:2:      layout_loops_corners, uniq_robin, uniq_sigmund

Skill      XL: |  1  2  3 |
---------------+----------+-----
Evocations     | 1 2 |  2.5
Unarmed Combat | 3 |  3.7
Dodging        | 3 |  3.7
Shapeshifting  | 2 |  2.0
Fighting       | |  3.0

Action                     |  1- 3 |  4- 6 || total
---------------------------+-------+-------++-------
  Melee: Unarmed           |   133 |       ||   133
    Use: Scroll            |     6 |       ||     6
 Armour: Robe              |    68 |       ||    68
  Dodge: Dodged            |    73 |       ||    73
